 Dungeon Crawl Stone Soup version 0.25-a0-860-gf695395b5c (webtiles) character file.

Game seed: 9136408710811804869, levelgen mode: deterministic

66 Morrissey the Sneak (level 3, -6/24 HPs)
             Began as a Vampire Enchanter on Apr 27, 2020.
             Killed from afar by a white imp (9 damage)
             ... with a puff of frost
             ... summoned by Natasha
             ... on level 2 of the Dungeon.
             The game lasted 00:04:10 (1754 turns).

Morrissey the Sneak (Vampire Enchanter)             Turns: 1754, Time: 00:04:11

Health: -6/24      AC:  2    Str:  7    XL:     3   Next: 96%
Magic:  6/6        EV: 13    Int: 17    God:
Gold:   90         SH:  0    Dex: 15    Spells: 0/6 levels left

rFire    . . .     SeeInvis +   a - +1 dagger
rCold    . . .     Gourm    .   (no shield)
rNeg     . . .     Faith    .   b - +0 robe
rPois    .         Spirit   .   (no helmet)
rElec    .         Reflect  .   (no cloak)
rCorr    .         Harm     .   (no gloves)
MR       .....                  (no boots)
Stlth    +++.......             (no amulet)
HPRegen  0.28/turn              (no ring)
MPRegen  0.10/turn              (no ring)

@: regenerating quickly
A: no food, fangs 3, see invisible, unbreathing
a: Exsanguinate


You were on level 2 of the Dungeon.
You were alive.

You visited 1 branch of the dungeon, and saw 2 of its levels.

You collected 90 gold pieces.

Inventory:

Hand Weapons
 a - a +1 dagger (weapon)
Armour
 b - a +0 robe (worn)
Scrolls
 c - a scroll of amnesia {unknown}
 d - a scroll of remove curse {unknown}
 g - a scroll of immolation {unknown}
 h - a scroll of teleportation {unknown}
Potions
 e - a potion of haste {unknown}
 f - a potion of curing {unknown}


   Skills:
 * Level 2.5 Short Blades
 * Level 3.0 Dodging
 * Level 5.4 Stealth
 - Level 2.0 Spellcasting
 + Level 4.9 Hexes


You couldn't memorise any spells.
You knew the following spells:

 Your Spells              Type           Power        Failure   Level  Hunger
a - Corona                Hex            ###....      2%          1    N/A
b - Ensorcelled Hibernat  Hex/Ice        ##....       11%         2    N/A
c - Confusing Touch       Hex            ###.....     8%          3    N/A

Your spell library contained the following spells:

 Spells                   Type           Power        Failure   Level  Hunger
 Tukima's Dance           Hex            ###.....     8%          3    N/A
 Dazzling Flash           Conj/Hex       ##....       22%         3    N/A

Dungeon Overview and Level Annotations

Branches:
Dungeon (2/15)

Altars:

Annotations:
D:2 Natasha


Innate Abilities, Weirdness & Mutations

You do not eat.
Your natural rate of healing is unusually fast.
You have razor-sharp teeth.
You have supernaturally acute eyesight. (SInv)
You can survive without breathing.


Message History

The shadow imp closely misses you. The shadow imp closely misses you.
Natasha casts a spell.
The white imp disappears for a moment.
The shadow imp hits you.
* * * LOW HITPOINT WARNING * * *
Natasha wildly gestures.
You feel disoriented. The shadow imp barely misses you.
You feel yourself speed up.
The shadow imp disappears in a puff of smoke!
The white imp shouts, "Go and return not, thou reeling-ripe anaemic pot-faker!"
The white imp gestures at you. The puff of frost misses you.
The white imp gestures at you. The puff of frost hits you!
* * * LOW HITPOINT WARNING * * *
The white imp gestures at you. The puff of frost hits you!
You die...

..........#....## .....
.....(....#.....###.....
..............#.5.......
...............rh(#
.............####.#
....##.....5h####)##
...###.......5.##hr# ...#
#†......r.###.#
.#####..........@..#
...<.#.(...........####>#.
###............#..........
##..#..........###........
.).##.....................
##################........
#.#.#.... #........
###.###..


You could see Natasha, a crimson imp, a white imp and a rat.

Vanquished Creatures
  Terence (D:2)
  A worm (D:2)
  A dart slug (D:2)
  2 leopard geckos (D:1)
  4 bats
  9 goblins
  4 hobgoblins
  2 jackals (D:1)
  2 kobolds (D:1)
  A frilled lizard (D:1)
  3 rats
30 creatures vanquished.

Notes
Turn   | Place    | Note
-------+----------+-------------------------------------------
     0 | D:1      | Morrissey the Vampire Enchanter began the quest for the
                  | Orb.
     0 | D:1      | Reached XP level 1. HP: 13/13 MP: 3/3
   247 | D:1      | Reached XP level 2. HP: 19/19 MP: 3/5
   466 | D:1      | Learned a level 2 spell: Ensorcelled Hibernation
  1022 | D:1      | Reached skill level 5 in Stealth
  1344 | D:2      | Noticed Terence
  1471 | D:2      | Reached XP level 3. HP: 15/24 MP: 0/6
  1535 | D:2      | Learned a level 3 spell: Confusing Touch
  1660 | D:2      | Killed Terence
  1728 | D:2      | Noticed Natasha
  1754 | D:2      | Killed from afar by a white imp

Levels and vault maps discovered:
D:1:      lemuel_arrival_room, layout_basic
D:2:      layout_rooms, nicolae_ru_path_of_blood, first_ration, uniq_terence,
          uniq_natasha

Skill      XL: |  1  2  3 |
---------------+----------+-----
Stealth        | 5 |  5.4
Short Blades   | 2 |  2.5
Dodging        | 3 |  3.0
Spellcasting   | |  2.0
Hexes          | |  4.9

Action                   || total
-------------------------++-------
Melee: Dagger            ||   134
       Bite              ||     9
 Cast: Corona            ||     5
       Ensorcelled Hiber ||    21
       Confusing Touch   ||     3
 Stab: Sleeping          ||    16
       Confused          ||     1
Armor: Robe              ||    31
Dodge: Dodged            ||    89

Table legend:
 A = Non-vault XP
 B = Vault XP
 C = Vault XP percentage of total XP
 D = Non-vault monster count
 E = Vault monster count
 F = Vault count percentage of total count
                 A         B        C        D         E       F
            +---------+---------+-------+---------+---------+-------
      Total |      57 |      38 |  40.0 |      29 |       1 |   3.3
            +---------+---------+-------+---------+---------+-------
        D:1 |      36 |       0 |   0.0 |      20 |       0 |   0.0
        D:2 |      21 |      38 |  64.4 |       9 |       1 |  10.0
            +---------+---------+-------+---------+---------+-------
